 Dungeon Crawl Stone Soup version 0.24.0 (webtiles) character file.

Game seed: 952803662050107847, levelgen mode: deterministic

14 NeoElementia the Caller (level 2, -2/15 HPs)
             Began as a Kobold Summoner on Mar 5, 2020.
             Slain by a hobgoblin
             ... wielding a +0 club
              (3 damage)
             ... on level 1 of the Dungeon.
             The game lasted 00:07:55 (749 turns).

NeoElementia the Caller (Kobold Summoner)            Turns: 749, Time: 00:07:55

Health: -2/15      AC:  3    Str:  5    XL:     2   Next: 55%
Magic:  2/5        EV: 15    Int: 16    God:
Gold:   21         SH:  0    Dex: 15    Spells: 4/5 levels left

rFire    . . .     SeeInvis .   d - +2 dagger (speed)
rCold    . . .     Gourm    .   (shield restricted)
rNeg     . . .     Faith    .   a - +0 robe
rPois    .         Spirit   .   (no helmet)
rElec    .         Reflect  .   (no cloak)
rCorr    .         Harm     .   b - +0 pair of gloves
MR       .....                  (no boots)
Stlth    ++........             (no amulet)
HPRegen  0.05/turn              (no ring)
MPRegen  0.09/turn              (no ring)

@: no status effects
A: small, carnivore
a: no special abilities


You were on level 1 of the Dungeon.
You were completely stuffed.

You visited 1 branch of the dungeon, and saw 1 of its levels.

You collected 21 gold pieces.

Inventory:

Hand Weapons
 d - a +2 dagger of speed (weapon)
Missiles
 e - 13 poisoned darts (quivered)
Armour
 a - a +0 robe (worn)
 b - a +0 pair of gloves (worn)
Scrolls
 g - a scroll of teleportation {unknown}
Comestibles
 c - 2 rations


   Skills:
 * Level 2.5 Dodging
 * Level 2.8 Stealth
 * Level 2.4 Spellcasting
 * Level 4.3 Summonings


You had 4 spell levels left.
You knew the following spells:

 Your Spells              Type           Power        Failure   Level  Hunger
a - Summon Small Mammal   Summ           ###.         3%          1    #......

Your spell library contained the following spells:

 Spells                   Type           Power        Failure   Level  Hunger
 Call Imp                 Summ           ###.....     4%          2    ###....
 Call Canine Familiar     Summ           ###.....     10%         3    ###....
 Summon Guardian Golem    Hex/Summ       #.......     24%         3    ###....
 Summon Ice Beast         Ice/Summ       #.......     63%         4    #####..
 Summon Lightning Spire   Summ/Air       #.......     63%         4    #####..


Dungeon Overview and Level Annotations

Branches:
Dungeon (1/15)

Altars:


Innate Abilities, Weirdness & Mutations

You are small and have problems with some larger weapons.
You are carnivorous and can eat meat at any time.


Message History

The hobgoblin hits you with a +0 club.
* * * LOW HITPOINT WARNING * * *
Casting: Summon Small Mammal (safe; 3% risk of failure)
Confirm with . or Enter, or press ? or * to list all spells.
The hobgoblin completely misses you.
Your quokka barely misses the hobgoblin.
You swap places.
The hobgoblin hits your rat with a +0 club.
Your rat dies!
Your rat's corpse disappears in a puff of smoke!
Your quokka closely misses the hobgoblin.
Your quokka barely misses the hobgoblin.
The hobgoblin barely misses you.
You see here a poisoned dart.
The hobgoblin hits you with a +0 club.
* * * LOW HITPOINT WARNING * * *
Casting: Summon Small Mammal (safe; 3% risk of failure)
Confirm with . or Enter, or press ? or * to list all spells.
The hobgoblin hits you with a +0 club.
You die...

### ####### ### #..
..#.. ..# #.# #.#.# #.#
#.#####.#.####.# #
#####.##........##.# #
#.rrg@.#.##.#.#.##.# #
#.###.b#.##.#.#.##.###
#(##....รท...#.........
#.......##############
#(##.#..# #..
#.......######### #..
#.##....#.......# #..
#.......#.......####..
##.##..................


You could see a hobgoblin, a friendly quokka, a friendly bat and a friendly rat.

Vanquished Creatures
  A rat (D:1)
1 creature vanquished.

Vanquished Creatures (collateral kills)
  An ooze (D:1)
  2 dart slugs (D:1)
  A giant cockroach (D:1)
  A goblin (D:1)
  2 hobgoblins (D:1)
  A ball python (D:1)
  A bat (D:1)
  A frilled lizard (D:1)
  3 kobolds (D:1)
13 creatures vanquished.

Grand Total: 14 creatures vanquished

Notes
Turn   | Place    | Note
-------+----------+-------------------------------------------
     0 | D:1      | NeoElementia the Kobold Summoner began the quest for the
                  | Orb.
     0 | D:1      | Reached XP level 1. HP: 10/10 MP: 3/3
   298 | D:1      | Reached XP level 2. HP: 10/15 MP: 1/5
   749 | D:1      | Slain by a hobgoblin

Levels and vault maps discovered:
D:1:      lemuel_arrival_lava_pool, layout_loops_cross, serial_rivers,
          chequers_serial_rivers_micro_d, chequers_serial_rivers_room_b,
          chequers_serial_rivers_micro_e, chequers_serial_rivers_micro_a,
          minmay_misc_feat_ornament
